 Dungeon Crawl Stone Soup version 0.30-a0-1103-g25895a7845 (webtiles) character file.

Game seed: 8175543579086822723

18 LustLizard the Gusty (level 2, -1/16 HPs)
             Began as a Deep Elf Air Elementalist on Apr 18, 2023.
             Slain by a hobgoblin (5 damage)
             ... led by Robin
             ... on level 1 of the Dungeon.
             The game lasted 00:01:30 (1000 turns).

LustLizard the Gusty (Deep Elf Air Elementalist)    Turns: 1000, Time: 00:01:31

Health: -1/16      AC:  3    Str:  5    XL:     2   Next: 48%
Magic:  3/8        EV: 12    Int: 19    God:
Gold:   83         SH:  0    Dex: 15    Spells: 4/7 levels left

rFire   . . .      SeeInvis .    g - +0 dagger
rCold   . . .      Faith    .    (no shield)
rNeg    . . .      Spirit   .    a - +0 robe
rPois   .          Reflect  .    (no helmet)
rElec   .          Rampage  .    (no cloak)
rCorr   .                        (no gloves)
Will    .....                    e - +0 pair of boots
Stlth   ++                       (no amulet)
HPRegen 0.22/turn                (no ring)
MPRegen 0.11/turn                (no ring)

@: very slightly contaminated, studying Stealth
A: no striking features
a: no special abilities


You were on level 1 of the Dungeon.
You visited 1 branch of the dungeon, and saw 2 of its levels.

You collected 83 gold pieces.

Inventory:

Hand Weapons
 c - a +0 long sword
 g - a +0 dagger (weapon)
Armour
 a - a +0 robe (worn)
 e - a +0 pair of boots (worn)
Scrolls
 d - 2 scrolls of immolation {unknown}
 h - 2 scrolls of identify {unknown}
Potions
 b - 2 potions of magic
 f - a potion of heal wounds {unknown}
 i - a potion of brilliance {unknown}


   Skills:
 + Level 0.3 Fighting
 - Level 2.4 Dodging
 + Level 2.7 Stealth
 + Level 3.1 Spellcasting
 * Level 1.8 Conjurations
 * Level 3.3 Air Magic


You had 4 spell levels left.
You knew the following spells:

 Your Spells              Type           Power      Damage    Failure   Level
a - Shock                 Conj/Air       48%        1d6       5%          1
b - Static Discharge      Conj/Air       24%        2-3/arc   8%          2

Your spell library contained the following spells:

 Spells                   Type           Power      Damage    Failure   Level
 Swiftness                Air            15%        N/A       12%         3
 Lesser Beckoning         Tloc           4%         N/A       22%         2
 Airstrike                Air            7%         2d(2-18)  36%         4
 Gell's Gravitas          Tloc           2%         N/A       41%         3
 Teleport Other           Tloc           2%         N/A       41%         3


Dungeon Overview and Level Annotations

Branches:
Dungeon (2/15)

Altars:

Annotations:
D:2 Robin


Message History

The hobgoblin shouts!
The goblin shouts! x4; The hobgoblin shouts!
The goblin shouts!
Robin shouts!
The goblin shouts!
Found 8 gold pieces.
Found a stone staircase leading down.
There is a stone staircase leading up here.
There are monsters nearby!
The zap hits the hobgoblin.
The hobgoblin is almost dead.
Robin roars a battlecry!
The goblins go into a battle-frenzy!
Unknown command.
The zap misses the hobgoblin.
Robin says, "My army is invincible!"
Unknown command.
The hobgoblin hits you. x2
The hobgoblin hits you but does no damage.
You climb upwards.
There is a stone staircase leading down here.
Unknown command.
The zap misses the hobgoblin.
The hobgoblin hits you. x2
The hobgoblin closely misses you.
You are too injured to fight recklessly!
Unknown command.
Aiming: Shock (safe; 5% risk of failure)
Press: ? - help, Q - select action, (/) - cycle Shift-Dir - straight line, f/p - hobgoblin
Aim: a hobgoblin (almost dead, strong, 68% to hit)
You miscast Shock.
You are very lightly contaminated with residual magic.
Nothing appears to happen.
The hobgoblin hits you but does no damage.
The hobgoblin hits you.
* * * LOW HITPOINT WARNING * * *
The hobgoblin hits you but does no damage.
Unknown command.
Aiming: Shock (safe; 5% risk of failure)
Press: ? - help, Q - select action, (/) - cycle Shift-Dir - straight line, f/p - hobgoblin
Aim: a hobgoblin (almost dead, strong, 68% to hit)
The zap hits the hobgoblin.
You kill the hobgoblin!
The hobgoblin completely misses you. The hobgoblin hits you.
You die...

.##.###.##............### #.....#
.##......#########....#.###.....#
.######..# ##.##.#.........# .#
#..## #..##...........# .##
#...#### #.#####.##......# ..#
#.#.##.####'#####.##......# ..#
#......##..)..............' ..#
#####....gg......####.....# ..#
##....@†.....####.....# ..#
####.................. ..###
#.................. ....###
#.................. ..#...######
#........########## ...........#
#.##'##........# #. ..#.#..###.#
#.##.##.##.###.# #.
..#.#..#...####.#####.##.# #.# #.
..###..###............##.# #.###.


You could see 2 hobgoblins.

Vanquished Creatures
  A dart slug (D:1)
  A ball python (D:1)
  A bat (D:1)
  An endoplasm (D:1)
  4 hobgoblins (D:1)
  A quokka (D:1)
  2 frilled lizards (D:1)
  2 goblins (D:1)
  2 kobolds (D:1)
15 creatures vanquished.

Notes
Turn   | Place    | Note
-------+----------+-------------------------------------------
     0 | D:1      | LustLizard the Deep Elf Air Elementalist began the quest
                  | for the Orb.
     0 | D:1      | Reached XP level 1. HP: 10/10 MP: 6/6
   443 | D:1      | Reached XP level 2. HP: 15/15 MP: 2/8
   565 | D:1      | Learned a level 2 spell: Static Discharge
   993 | D:2      | Noticed Robin
  1000 | D:1      | Slain by a hobgoblin

Illustrated notes

Levels and vault maps discovered:
D:1:      ncdulo_lavacross, layout_basic, minmay_misc_feat_encased,
          minmay_misc_feat_nine_boxes
D:2:      layout_loops_cross, uniq_robin

Action                     || total
---------------------------++-------
  Melee: Long sword        ||     1
   Cast: Shock             ||    34
 Armour: Robe              ||     3
  Dodge: Dodged            ||     6

Table legend: (Time is in decaauts)
 A = Elapsed time spent in this place.
 B = Non-inter-level travel time spent in this place.
 C = Inter-level travel time spent in this place.
 D = Time resting spent in this place.
 E = Time spent auto-exploring this place.
 F = Levels seen in this place.
 G = Mean time per level.
                   A        B        C        D        E       F      G
               +--------+--------+--------+--------+--------+-----+--------+
         Total |    999 |    994 |      5 |      0 |    874 |   2 |  499.5 |
       Dungeon |    999 |    994 |      5 |      0 |    874 |   2 |  499.5 |
               +--------+--------+--------+--------+--------+-----+--------+

Top non-repeatable levels by time:
     D:1: 995 daAuts
     D:2: 3 daAuts
